AoeStats
← ska_18

Black Forest

504748686Analyzed
3v3 RM · 26d ago on Sep 6, 2026· 48m 24s· 6 players
Game mode
Random Map
Map size
Normal (6 player)
Population
200
Speed
Normal
Resources
Standard
Victory
Conquest
Starting age
Dark Age
Ending age
Imperial Age
RankedLock teamsTeams togetherTeam positionsShared explorationLock speedFull tech treeHidden civsTurbo modeCheats
Victory
Defeat
🇦🇹 Saracens · Austria
1013
+13
🇺🇸 Vikings · United States
1010
+13
🇹🇼 Celts · Taiwan
987
+15
🇩🇪 Britons · Germany
951
-14
🇩🇪 Franks · Germany
951
-14
🇩🇪 Bohemians · Germany
948
-13
13thspear
0:46 Loom
13:55 Feudal Age
14:35 Double-Bit Axe
15:34 Stone Mining
16:02 Horse Collar
26:05 Castle Age
24:00 Gold Mining
25:24 Fletching
25:35 Padded Archer Armor
25:46 Forging
25:37 Scale Mail Armor
25:48 Arson
27:06 Bodkin Arrow
27:29 Bow Saw
27:22 Heavy Plow
28:01 Gold Shaft Mining
27:14 Town Watch
28:38 Town Patrol
30:52 Fervor
36:03 Imperial Age
34:44 Crossbowman
36:06 Leather Archer Armor
36:28 Iron Casting
36:09 Chain Mail Armor
38:06 Chemistry
37:42 Fortified Wall
37:54 Ballistics
37:15 Treadmill Crane
38:14 Crop Rotation
39:18 Two-Man Saw
39:16 Arbalester
40:33 Bracer
41:07 Caravan
41:08 Murder Holes
42:05 Squires
41:28 Pikeman
43:21 Ring Archer Armor
43:52 Blast Furnace
43:21 Conscription
42:54 Elite Berserk
45:37 Bogsveigar
47:55 Capped Ram
48:42 Chieftains
49:31 Ring Archer Armor
ska_18
1:07 Loom
11:42 Feudal Age
17:27 Castle Age
15:23 Double-Bit Axe
15:42 Horse Collar
19:52 Wheelbarrow
19:44 Bow Saw
23:21 Stone Mining
23:32 Gold Mining
23:49 Heavy Plow
25:45 Hand Cart
25:56 Town Watch
27:23 Gold Shaft Mining
27:55 Forging
27:36 Fletching
27:51 Scale Barding Armor
28:17 Caravan
29:35 Iron Casting
29:47 Fervor
31:18 Sanctity
35:22 Imperial Age
32:55 Town Patrol
33:07 Fortified Wall
32:38 Treadmill Crane
32:54 Murder Holes
33:09 Masonry
32:57 Bodkin Arrow
33:22 Chain Barding Armor
34:15 Bimaristan
35:27 Ballistics
36:05 Bloodlines
35:56 Husbandry
35:16 Light Cavalry
37:06 Chemistry
36:12 Siege Engineers
36:29 Conscription
35:29 Elite Mameluke
37:08 Plate Barding Armor
37:34 Blast Furnace
37:11 Hoardings
37:17 Coinage
40:16 Banking
39:57 Onager
48:59 Bracer
wusung67
4:36 Loom
12:52 Feudal Age
16:55 Castle Age
15:01 Double-Bit Axe
16:08 Gold Mining
16:09 Stone Mining
16:01 Horse Collar
19:24 Bow Saw
19:43 Heavy Plow
22:52 Wheelbarrow
28:43 Imperial Age
28:03 Gold Shaft Mining
28:03 Stone Shaft Mining
28:27 Hand Cart
28:26 Caravan
28:49 Forging
30:18 Iron Casting
29:44 Scale Mail Armor
31:28 Furor Celtica
31:41 Conscription
31:11 Stronghold
31:10 Pikeman
33:03 Blast Furnace
32:19 Chain Mail Armor
32:03 Heavy Scorpion
32:04 Capped Ram
33:24 Halberdier
34:27 Onager
35:08 Fletching
35:49 Plate Mail Armor
36:08 Bodkin Arrow
36:19 Scale Barding Armor
36:17 Elite Woad Raider
37:19 Padded Archer Armor
40:01 Ballistics
39:37 Murder Holes
39:22 Siege Ram
39:33 Siege Onager
40:24 Light Cavalry
41:57 Chain Barding Armor
42:39 Hussar
43:19 Husbandry
fcn2004
0:46 Loom
13:10 Feudal Age
13:51 Double-Bit Axe
20:03 Castle Age
21:43 Bow Saw
29:11 Fortified Wall
33:06 Imperial Age
32:11 Ballistics
31:58 Padded Archer Armor
31:48 Fletching
32:17 Scale Mail Armor
32:07 Fletching
32:53 Murder Holes
33:08 Squires
35:07 Chemistry
35:08 Wheelbarrow
34:08 Pikeman
36:48 Siege Engineers
37:36 Leather Archer Armor
37:17 Bodkin Arrow
37:33 Forging
37:40 Chain Mail Armor
37:30 Scale Barding Armor
36:52 Cavalier
38:22 Paladin
40:19 Caravan
Jiwisd
11:18 Feudal Age
18:21 Castle Age
16:15 Double-Bit Axe
16:19 Horse Collar
17:36 Forging
20:31 Wheelbarrow
20:09 Bow Saw
20:05 Heavy Plow
24:29 Chemistry
26:32 Man-at-Arms
30:51 Imperial Age
30:58 Hand Cart
30:29 Town Watch
30:40 Fletching
30:50 Padded Archer Armor
32:04 Fortified Wall
34:19 Bow Saw
34:14 Bodkin Arrow
34:34 Leather Archer Armor
35:50 Conscription
36:54 Caravan
38:12 Elite Hussite Wagon
39:17 Bracer
39:47 Ring Archer Armor
40:02 Siege Engineers
39:53 Murder Holes
40:03 Scale Mail Armor
40:13 Forging
42:02 Two-Man Saw
42:14 Wagenburg Tactics
44:05 Pikeman
45:05 Chain Mail Armor
45:26 Iron Casting
47:21 Bombard Tower
47:22 Ballistics
captain_shadow26
0:28 Loom
12:41 Feudal Age
13:08 Double-Bit Axe
19:28 Horse Collar
23:17 Castle Age
21:49 Stone Mining
24:23 Bow Saw
24:37 Heavy Plow
27:24 Fortified Wall
30:48 Gold Mining
34:10 Imperial Age
32:16 Wheelbarrow
31:28 Town Watch
33:44 Fletching
33:54 Padded Archer Armor
34:16 Ballistics
33:35 Elite Skirmisher
34:18 Scale Mail Armor
34:29 Forging
34:19 Murder Holes
35:05 Hand Cart
36:49 Yeomen
37:47 Chemistry
38:13 Bodkin Arrow
38:33 Leather Archer Armor
38:33 Warwolf
38:45 Siege Engineers
39:18 Masonry
38:32 Pikeman
39:12 Squires
38:58 Gambesons
39:23 Bracer
41:06 Ring Archer Armor
41:16 Gold Shaft Mining
44:31 Elite Longbowman
44:35 Halberdier
45:55 Iron Casting
45:35 Chain Mail Armor
Connection lost

Rejoining the realm…

Still unreachable

The connection could not be restored.

Session expired

The server has moved on; the page needs a fresh start.